 Dungeon Crawl Stone Soup version 0.29-a0-830-gcb1280458a (webtiles) character file.

Game seed: 2712218573384278847

61 HoaS the Vexing (level 4, 0/34 HPs)
             Began as a Gnoll Arcane Marksman on July 11, 2022.
             Slain by an adder (2 damage)
             ... on level 2 of the Dungeon.
             The game lasted 00:05:41 (2067 turns).

HoaS the Vexing (Gnoll Arcane Marksman)             Turns: 2067, Time: 00:05:41

Health: 0/34       AC:  2    Str: 10    XL:     4   Next: 7%
Magic:  7/8        EV: 13    Int: 14    God:
Gold:   100        SH:  0    Dex: 12    Spells: 7/8 levels left

rFire   . . .      SeeInvis .   a - +0 sling
rCold   . . .      Faith    .   (no shield)
rNeg    . . .      Spirit   .   c - +0 robe
rPois   .          Reflect  .   (no helmet)
rElec   .          Harm     .   (no cloak)
rCorr   .          Rampage  .   (no gloves)
Will    .....                   (no boots)
Stlth   ++........              (no amulet)
HPRegen 0.11/turn               (no ring)
MPRegen 0.11/turn               (no ring)

@: no status effects
A: fangs 1, strong nose, distributed training
a: no special abilities


You were on level 2 of the Dungeon.
You visited 1 branch of the dungeon, and saw 2 of its levels.

You collected 100 gold pieces.

Inventory:

Hand Weapons
 a - a +0 sling (weapon)
Armour
 c - a +0 robe (worn)
Scrolls
 b - 2 scrolls of vulnerability
Potions
 f - a potion of brilliance
 g - a potion of haste {unknown}


   Skills:
 + Level 2.7 Fighting
 + Level 1.0 Short Blades
 + Level 1.0 Long Blades
 + Level 1.0 Axes
 + Level 1.0 Maces & Flails
 + Level 1.0 Polearms
 + Level 1.0 Staves
 + Level 4.6 Ranged Weapons
 + Level 1.0 Throwing
 + Level 1.0 Armour
 + Level 4.6 Dodging
 + Level 1.0 Stealth
 + Level 1.0 Shields
 + Level 1.0 Unarmed Combat
 + Level 2.9 Spellcasting
 + Level 0.8 Conjurations
 + Level 5.4 Hexes
 + Level 0.8 Summonings
 + Level 0.8 Necromancy
 + Level 0.8 Translocations
 + Level 0.8 Transmutations
 + Level 0.8 Fire Magic
 + Level 0.8 Ice Magic
 + Level 0.8 Air Magic
 + Level 0.8 Earth Magic
 + Level 0.8 Poison Magic
 + Level 1.1 Invocations
 + Level 1.0 Evocations


You had 7 spell levels left.
You knew the following spells:

 Your Spells              Type           Power      Damage    Failure   Level
a - Slow                  Hex            68%        N/A       2%          1

Your spell library contained the following spells:

 Spells                   Type           Power      Damage    Failure   Level
 Sting                    Tmut/Pois      16%        1d3       16%         1
 Inner Flame              Hex/Fire       10%        N/A       19%         3
 Portal Projectile        Hex/Tloc       20%        N/A       19%         3
 Cause Fear               Hex            8%         N/A       22%         4
 Poisonous Vapours        Pois/Air       8%         N/A       24%         2
 Ozocubu's Armour         Ice            4%         N/A       43%         3
 Olgreb's Toxic Radiance  Pois           4%         N/A       83%         4
 Ozocubu's Refrigeration  Ice            2%         4d5       100%        7


Dungeon Overview and Level Annotations

Branches:
Dungeon (2/15)

Altars:


Innate Abilities, Weirdness & Mutations

You have very sharp teeth.
Your uncanny sense of smell can sniff out nearby items.
Your experience applies equally to all skills.


Message History

Aim: an adder (38% to hit)
You shoot a sling bullet.
The sling bullet closely misses the adder.
You feel sick. The adder barely misses you. The adder bites you.
* * * LOW HITPOINT WARNING * * *
Casting: Slow (safe; 2% risk of failure)
Confirm with . or Enter, or press ? or * to list all spells.
Aiming: Slow (safe; 2% risk of failure)
Press: ? - help, Shift-Dir - straight line, f/p - adder
Aim: an adder (chance to affect: 65%)
The adder seems to slow down.
You feel sick. The adder bites you.
* * * LOW HITPOINT WARNING * * *
Fire: a) +0 sling
Press: ? - help, Q - select action, (/) - cycle Shift-Dir - straight line, f/p - adder
Aim: an adder (slow, 38% to hit)
You shoot a sling bullet.
The sling bullet hits the adder but does no damage.
You feel sick.
You are no longer poisoned.
The adder bites you but does no damage.
Fire: a) +0 sling
Press: ? - help, Q - select action, (/) - cycle Shift-Dir - straight line, f/p - adder
Aim: an adder (slow, 38% to hit)
You shoot a sling bullet.
The sling bullet hits the adder but does no damage.
The adder misses you.
Fire: a) +0 sling
Press: ? - help, Q - select action, (/) - cycle Shift-Dir - straight line, f/p - adder
Aim: an adder (slow, 38% to hit)
You shoot a sling bullet.
The sling bullet closely misses the adder.
The adder bites you.
* * * LOW HITPOINT WARNING * * *
Fire: a) +0 sling
Press: ? - help, Q - select action, (/) - cycle Shift-Dir - straight line, f/p - adder
Aim: an adder (slow, 38% to hit)
You shoot a sling bullet.
The sling bullet closely misses the adder.
The adder bites you.
You die...

#..$),#....#......)##############
#$..w,#....#.....).#
#+g!J##....#....)..#
,**#'#.....#.......#
*+*#.......#.......#
*,,##..............#
,,,,#..........###.#
∆,,,#..........###.#
*∆,##.........SS@..#
####...........#####***
......##...........,,,*
....................,,*
........#............,*
###.....#.....#######** #
#.....#.....# ###)....#.....#
..'.....#,,,,∆*


You could see an adder (slow) and a ball python.

Vanquished Creatures
  2 adders (D:2)
  A worm (D:2)
  A dart slug (D:2)
  4 endoplasms
  6 giant cockroaches
  3 goblins
  2 hobgoblins
  A quokka (D:1)
  2 ball pythons (D:2)
  6 bats
  2 frilled lizards
  3 kobolds
  5 rats
38 creatures vanquished.

Notes
Turn   | Place    | Note
-------+----------+-------------------------------------------
     0 | D:1      | HoaS the Gnoll Arcane Marksman began the quest for the Orb.
     0 | D:1      | Reached XP level 1. HP: 17/17 MP: 4/4
    97 | D:1      | Reached XP level 2. HP: 17/23 MP: 5/5
   239 | D:1      | HP: 1/23 [hobgoblin (2)]
  1442 | D:1      | Found a faded altar of an unknown god.
  1504 | D:2      | Reached XP level 3. HP: 28/28 MP: 7/7
  1522 | D:2      | Identified the +7 short sword of the Dancing Dragonfly
                  | {pain, Will+}
  1638 | D:2      | Reached skill level 1 in Invocations
  1875 | D:2      | Reached skill level 1 in Short Blades
  1875 | D:2      | Reached skill level 1 in Long Blades
  1875 | D:2      | Reached skill level 1 in Axes
  1875 | D:2      | Reached skill level 1 in Maces & Flails
  1875 | D:2      | Reached skill level 1 in Polearms
  1875 | D:2      | Reached skill level 1 in Staves
  1875 | D:2      | Reached skill level 1 in Throwing
  1875 | D:2      | Reached skill level 1 in Armour
  1875 | D:2      | Reached skill level 1 in Stealth
  1875 | D:2      | Reached skill level 1 in Shields
  1875 | D:2      | Reached skill level 1 in Unarmed Combat
  1875 | D:2      | Reached skill level 1 in Evocations
  2046 | D:2      | Reached XP level 4. HP: 25/34 MP: 8/8
  2067 | D:2      | Slain by an adder

Illustrated notes

Levels and vault maps discovered:
D:1:      roderic_chinese_lattice_arrival, layout_basic,
          shapermc_ecumenical_altar_mp_ritualfount
D:2:      layout_basic, minmay_joined_circles

Skill      XL: |  1  2  3 |
---------------+----------+-----
Invocations    | 1 |  1.1
Short Blades   | 1 |  1.0
Long Blades    | 1 |  1.0
Axes           | 1 |  1.0
Maces & Flails | 1 |  1.0
Polearms       | 1 |  1.0
Staves         | 1 |  1.0
Throwing       | 1 |  1.0
Armour         | 1 |  1.0
Stealth        | 1 |  1.0
Shields        | 1 |  1.0
Unarmed Combat | 1 |  1.0
Evocations     | 1 |  1.0
Fighting       | |  2.7
Ranged Weapons | |  4.6
Dodging        | |  4.6
Spellcasting   | |  2.9
Conjurations   | |  0.8
Hexes          | |  5.4
Summonings     | |  0.8
Necromancy     | |  0.8
Translocations | |  0.8
Transmutations | |  0.8
Fire Magic     | |  0.8
Ice Magic      | |  0.8
Air Magic      | |  0.8
Earth Magic    | |  0.8
Poison Magic   | |  0.8

Action                   |  1- 3 |  4- 6 || total
-------------------------+-------+-------++-------
 Fire: Sling             |   145 |    21 ||   166
 Cast: Slow              |     8 |     1 ||     9
  Use: Scroll            |     2 |       ||     2
Armor: Robe              |    21 |     3 ||    24
Dodge: Dodged            |    70 |    11 ||    81

Table legend: (Time is in decaauts)
 A = Elapsed time spent in this place.
 B = Non-inter-level travel time spent in this place.
 C = Inter-level travel time spent in this place.
 D = Time resting spent in this place.
 E = Time spent auto-exploring this place.
 F = Levels seen in this place.
 G = Mean time per level.
                   A        B        C        D        E       F      G
               +--------+--------+--------+--------+--------+-----+--------+
         Total |   2095 |   2077 |     18 |    809 |    946 |   2 | 1047.5 |
       Dungeon |   2095 |   2077 |     18 |    809 |    946 |   2 | 1047.5 |
               +--------+--------+--------+--------+--------+-----+--------+

Top non-repeatable levels by time:
     D:1: 1472 daAuts
     D:2: 623 daAuts
